 Dungeon Crawl Stone Soup version 0.24.0-125-gc4c63601f3 (webtiles) character file.

Game seed: 13427078068736626377, levelgen mode: deterministic

199631 BuffBuff the Executioner (level 17, -1/161 HPs)
             Began as a Minotaur Berserker on Mar 18, 2020.
             Was the Champion of Trog.
             Slain by a nagaraja
             ... wielding a +0 whip
              (13 damage)
             ... on level 4 of the Snake Pit.
             The game lasted 02:02:30 (29908 turns).

BuffBuff the Executioner (Minotaur Berserker)      Turns: 29908, Time: 02:02:31

Health: -1/161     AC: 28    Str: 32    XL:     17   Next: 85%
Magic:  1/7        EV: 20    Int: 18    God:    Trog [******]
Gold:   1324       SH:  0    Dex: 16    Spells: 16/16 levels left

rFire    . . .     SeeInvis +   a - +5 executioner's axe (chop)
rCold    . . .     Gourm    .   (shield currently unavailable)
rNeg     . . .     Faith    .   i - +1 plate armour of Broken Taboos {-Cast rPois Int+5}
rPois    +         Spirit   .   K - +2 hat
rElec    .         Reflect  .   E - scarf {repulsion}
rCorr    .         Harm     .   C - +3 pair of gloves of Courage {MR+ Int+2 Slay+2 SInv}
MR       ++++.     NoCast   +   w - +1 pair of boots of the Lily {MR++}
Stlth    ..........             P - amulet "Huer" {Regen+ MP-9 Str+4 Int+7}
HPRegen  0.76/turn              V - +5 ring of dexterity
MPRegen  0.10/turn              h - +4 ring of evasion

@: constricted, repel missiles
A: retaliatory headbutt, horns 2
}: 1/15 runes: decaying
a: Berserk, Trog's Hand, Brothers in Arms, Renounce Religion


You were on level 4 of the Snake Pit.
You worshipped Trog.
Trog was exalted by your worship.
You were hungry.

You visited 5 branches of the dungeon, and saw 28 of its levels.
You also visited: Ossuary and Gauntlet.

You collected 2815 gold pieces.
You spent 1491 gold pieces at shops.

Inventory:

Hand Weapons
 a - a +5 executioner's axe of chopping (weapon)
 b - a +3 battleaxe of flaming
 W - a +4 antimagic executioner's axe
Missiles
 t - 72 poisoned darts (quivered)
Armour
 i - the +1 plate armour of Broken Taboos (worn) {-Cast rPois Int+5}
   (You bought it in a shop on level 2 of the Orcish Mines)

   It affects your intelligence (+5).
   It protects you from poison.
   It prevents spellcasting.
 w - the +1 pair of boots of the Lily (worn) {MR++}
   (You acquired it on level 2 of the Lair of Beasts)

   It affects your resistance to hostile enchantments.
 C - the +3 pair of gloves of Courage (worn) {MR+ Int+2 Slay+2 SInv}
   (You acquired it on level 2 of the Swamp)

   It affects your intelligence (+2).
   It affects your accuracy and damage with ranged weapons and melee attacks
   (+2).
   It affects your resistance to hostile enchantments.
   It lets you see invisible.
 E - a scarf of repulsion (worn)
 H - a +5 plate armour of magic resistance
 K - a +2 hat (worn)
 U - the +0 pair of gloves of Fortification {Regen+ Dex-5 SInv}
   (You found it on level 12 of the Dungeon)

   It affects your dexterity (-5).
   It lets you see invisible.
   It increases your rate of regeneration.
Jewellery
 h - a +4 ring of evasion (right hand)
 n - an uncursed ring of ice
 y - an uncursed ring of protection from fire
 L - an uncursed ring of resist corrosion
 N - an uncursed ring of flight
 P - the amulet "Huer" (around neck) {Regen+ MP-9 Str+4 Int+7}
   (You took it off a minotaur in a Gauntlet)

   [amulet of regeneration]

   It affects your strength (+4).
   It affects your intelligence (+7).
   It affects your magic capacity (-9).
   It increases your rate of regeneration.
 V - a +5 ring of dexterity (left hand)
Wands
 f - a wand of scattershot (7)
 g - a wand of clouds (19)
 j - a wand of flame (65)
 x - a wand of random effects (43)
 G - a wand of digging (8)
 I - a wand of iceblast (37)
 J - a wand of paralysis (6)
 M - a wand of polymorph (9)
 O - a wand of enslavement (4)
 X - a wand of acid (6)
Scrolls
 k - 3 scrolls of magic mapping
 l - 14 scrolls of remove curse
 o - 9 scrolls of teleportation
 u - 6 scrolls of fog
 v - 8 scrolls of blinking
 F - 13 scrolls of identify
 Q - a scroll of fear
Potions
 c - 5 potions of haste
 d - 3 potions of magic
 m - a potion of lignification
 p - 5 potions of flight
 q - 18 potions of curing
 r - 5 potions of agility
 s - 3 potions of might
 z - 4 potions of ambrosia
 A - 5 potions of cancellation
 B - 6 potions of invisibility
 D - 6 potions of brilliance
Comestibles
 e - 44 rations


   Skills:
 + Level 17.1 Fighting
 * Level 24.4 Axes
 + Level 17.0 Armour
 + Level 15.8 Dodging


You had 16 spell levels left.
You didn't know any spells.
Your spell library was empty.

Dungeon Overview and Level Annotations

Branches:
Dungeon (12/15)            Temple (0/1) D:5            Lair (6/6) D:11
  Swamp (4/4) Lair:3        Snake (4/4) Lair:4        Slime (0/5) Lair:6
    Orc (2/2) D:12            Elf (0/3) Orc:2       Ossuary (visited)
Gauntlet (visited)

Altars:
Ashenzari
Fedhas
Gozag
Kikubaaqudgha
Nemelex Xobeh
Okawaru
Qazlal
Ru
Uskayaw
Wu Jian
Yredelemnul
The Shining One

Shops:
D:5 %   D:7 [   Orc:2 :*([   Snake:2 }

Annotations:
D:7 Prince Ribbit
Snake:4 Vashnia


Innate Abilities, Weirdness & Mutations

You reflexively headbutt those who attack you in melee.
You have a pair of horns on your head.


Message History

Vashnia spits poison at you. The splash of poison misses you.
The nagaraja hits you but does no damage.
The nagaraja grabs you. The nagaraja constricts you.
You miss Vashnia. Your headbutt misses Vashnia. You slash the nagaraja!
Vashnia casts a spell.
Vashnia magically shoots an arrow.
The arrow hits you!
* * * LOW HITPOINT WARNING * * *
The arrow freezes you!
* * * LOW HITPOINT WARNING * * *
The nagaraja hits you but does no damage.
The nagaraja constricts you.
You closely miss Vashnia. You hit the nagaraja but do no damage.
Vashnia gestures wildly while chanting.
Vashnia magically shoots an arrow.
The arrow hits you!!
* * * LOW HITPOINT WARNING * * *
The arrow freezes you!
* * * LOW HITPOINT WARNING * * *
The nagaraja hits you with a +0 whip!
You die...

.....### ...# #..# ....#
#.###.##
#...#####.....####
#.†(##..........###
#)(.#.(##........##
##)('(#####.....#.#
#N(((#.#####...###
#))†#.N..###..###
#.S.##@..#....^.#
#N..###N((.......# ....#
###.(.######## ....###
#.##..#..##.## ....##.##
#...####.#...#
...##...####.##.###.#..##
##..##....#.#..###.#..#
##.........###..#..#..##
##..........##..##..).###


You could see Vashnia and a nagaraja.

Vanquished Creatures
  Nikola (Snake:1)
  Jorgrun (Orc:1)
  The ghost of Amplified the Executioner, an adept MiEE of Xom (Swamp:4)
  Gastronok (Orc:1)
  4 thorn hunters
  Kirke (Swamp:3)
  Roxanne (Swamp:1)
  Donald (Snake:1)
  3 nagarajas (Snake:3)
  Aizul (Snake:1)
  2 stone giants (Orc:2)
  3 dire elephants (Lair:6)
  A minotaur (Gauntlet)
  Snorg (D:12)
  3 ettins (Orc:2)
  Josephine (D:11)
  Fannar (D:11)
  Erolcha (D:9)
  11 naga warriors
  14 anacondas
  23 hydras
  A ghost crab (Swamp:2)
  Erica (D:8)
  4 shambling mangroves
  A catoblepas (Lair:5)
  15 alligators
  2 two-headed ogres
  A queen ant (Lair:2)
  5 shock serpents
  5 naga sharpshooters
  Urug (Orc:1)
  5 spriggans
  4 salamander mystics
  3 spriggan druids
  5 naga ritualists
  10 swamp dragons
  An orc knight (Orc:2)
  An orange crystal statue (Gauntlet)
  3 ugly things (D:12)
  10 mana vipers
  8 cyclopes (Orc:2)
  8 elephants
  Maurice (D:8)
  6 guardian serpents
  41 black mambas
  2 centaur zombies
  9 salamanders
  Psyche (D:9)
  A gargoyle (D:11)
  Joseph (D:9)
  16 spiny frogs
  10 naga magi
  4 kobold demonologists (D:12)
  A rime drake (Lair:3)
  5 komodo dragons
  3 meliai (Gauntlet)
  11 hornets
  7 trolls
  4 tyrant leeches
  31 slime creatures
  18 blink frogs
  4 bog bodies
  6 hippogriffs
  32 yaks
  8 wraiths
  A vampire (D:12)
  2 wyverns
  2 hogs (Swamp:3)
  A steam dragon (D:11)
  5 basilisks
  A hungry ghost (D:12)
  Grum (D:11)
  14 vampire mosquitoes
  37 nagas
  12 insubstantial wisps
  16 swamp worms
  7 soldier ants (Lair:2)
  An acid dragon (D:12)
  13 water moccasins
  7 porcupines
  20 swamp drakes
  15 orc warriors
  3 ice beasts
  3 sky beasts
  3 black bears
  An eye of draining (D:12)
  5 phantoms
  11 ogres
  A necrophage (D:9)
  19 crocodiles
  21 wolves
  11 centaurs
  13 bullfrogs
  A gnoll sergeant (D:11)
  A wyvern skeleton (D:12)
  4 scorpions
  3 killer bees (D:11)
  2 troll zombies (D:12)
  4 wights (D:10)
  2 electric eels (Lair:3)
  2 howler monkeys
  A bullfrog zombie (D:8)
  3 crimson imps
  2 quasits
  3 bullfrog skeletons
  4 hounds
  2 centaur skeletons
  10 jellies
  15 orc priests
  Ijyb (D:4)
  22 orc wizards
  30 worker ants
  3 iguanas
  2 hell rats (Lair:1)
  4 ogre zombies (D:12)
  A hound zombie (D:9)
  13 mummies (Ossuary)
  A howler monkey skeleton (D:4)
  10 gnolls
  14 adders
  8 river rats (Lair:1)
  5 shadow imps
  8 oozes
  2 adder skeletons
  5 adder zombies
  A worm (D:6)
  A dart slug (D:1)
  5 leopard geckos
  70 orcs
  2 bats (D:1)
  A bat skeleton (D:2)
  3 bat zombies
  3 giant cockroaches
  4 goblins
  11 hobgoblins
  8 jackals
  8 kobolds
  4 quokkas
  2 ball pythons
  5 frilled lizards
  A giant cockroach zombie (D:2)
  3 gnoll skeletons (Ossuary)
  2 goblin skeletons
  4 goblin zombies (D:12)
  A hobgoblin skeleton (D:12)
  3 hobgoblin zombies (D:12)
  A jackal skeleton (D:8)
  A kobold skeleton (Ossuary)
  A leopard gecko skeleton (D:2)
  3 orc skeletons (Ossuary)
  9 orc zombies (D:12)
  11 rats
  9 rat skeletons (Ossuary)
  A rat zombie (D:3)
  19 briar patches
  A bush (Lair:4)
  3 fungi
  4 plants
1031 creatures vanquished.

Vanquished Creatures (others)
  A hornet (Swamp:1)
  A human (Swamp:3)
  An orc wizard (D:8)
  A kobold (D:12)
  2 rat skeletons (Ossuary)
  A briar patch (Swamp:3)
  2 butterflies (Lair:6)
  2 fungi (Orc:2)
  A plant (Lair:1)
12 creatures vanquished.

Grand Total: 1043 creatures vanquished

Notes
Turn   | Place    | Note
-------+----------+-------------------------------------------
     0 | D:1      | BuffBuff the Minotaur Berserker began the quest for the
                  | Orb.
     0 | D:1      | Reached XP level 1. HP: 19/19 MP: 0/0
   370 | D:1      | Reached XP level 2. HP: 22/27 MP: 1/1
   442 | D:1      | Reached skill level 4 in Axes
   768 | D:1      | Reached XP level 3. HP: 33/33 MP: 2/2
  1147 | D:2      | Reached ** piety under Trog
  1355 | D:2      | Reached XP level 4. HP: 40/40 MP: 3/3
  1608 | D:2      | Found a sacrificial altar of Ru.
  1725 | D:2      | Found a hide-covered altar of Uskayaw.
  1728 | D:2      | Noticed a +0 hand axe
  1729 | D:2      | Noticed a +0 hand axe
  2001 | D:3      | Found an iron altar of Okawaru.
  2166 | D:3      | Found an ancient bone altar of Kikubaaqudgha.
  2336 | D:3      | Reached skill level 5 in Axes
  2474 | D:3      | Found a sparkling altar of Nemelex Xobeh.
  2497 | D:3      | Found an opulent altar of Gozag.
  2498 | D:3      | Found a stormy altar of Qazlal.
  2501 | D:3      | Found a blossoming altar of Fedhas.
  2657 | D:4      | Reached XP level 5. HP: 47/47 MP: 4/4
  2753 | D:4      | Noticed Ijyb
  2754 | D:4      | Found a shattered altar of Ashenzari.
  2761 | D:4      | Killed Ijyb
  3254 | D:5      | Entered Level 5 of the Dungeon
  3274 | D:5      | Found a staircase to the Ecumenical Temple.
  3339 | D:5      | Found a stormy altar of Qazlal.
  3372 | D:5      | Reached XP level 6. HP: 55/55 MP: 5/5
  3430 | D:5      | Reached skill level 5 in Fighting
  3430 | D:5      | Reached skill level 6 in Axes
  3452 | D:5      | Found a sand-covered staircase.
  3479 | Ossuary  | Entered an ossuary
  3613 | Ossuary  | Reached *** piety under Trog
  4049 | Ossuary  | Reached XP level 7. HP: 50/61 MP: 6/6
  4180 | D:5      | Found Negahiff's Food Shoppe.
  4591 | D:6      | Found a basalt altar of Yredelemnul.
  4624 | D:6      | Reached skill level 7 in Axes
  4685 | D:6      | Reached skill level 5 in Armour
  4765 | D:6      | Found a glowing golden altar of the Shining One.
  4836 | D:6      | Reached skill level 5 in Dodging
  4836 | D:6      | Reached XP level 8. HP: 68/70 MP: 7/7
  4931 | D:6      | Reached skill level 8 in Axes
  5023 | D:6      | Reached **** piety under Trog
  5966 | D:7      | Reached skill level 9 in Axes
  6506 | D:7      | Reached XP level 9. HP: 73/79 MP: 8/8
  6530 | D:7      | Found Orchocwe's Armour Shoppe.
  6538 | D:7      | Bought a +1 plate armour of magic resistance for 455 gold
                  | pieces
  7290 | D:8      | Noticed Prince Ribbit
  7647 | D:8      | Noticed Maurice
  7667 | D:8      | Killed Maurice
  7667 | D:8      | Reached skill level 10 in Axes
  7771 | D:8      | Noticed Erica
  7790 | D:8      | Killed Erica
  7790 | D:8      | Reached skill level 11 in Axes
  8677 | D:9      | Reached XP level 10. HP: 90/90 MP: 9/9
  8992 | D:9      | Noticed Psyche
  9002 | D:9      | Killed Psyche
  9057 | D:9      | Noticed Erolcha
  9100 | D:9      | Killed Erolcha
  9100 | D:9      | Reached skill level 12 in Axes
  9403 | D:9      | Noticed Joseph
  9426 | D:9      | Killed Joseph
  9448 | D:9      | Reached ***** piety under Trog
  9640 | D:10     | Entered Level 10 of the Dungeon
  9769 | D:10     | Noticed a two-headed ogre
  9774 | D:10     | Killed a two-headed ogre
  9960 | D:10     | Reached XP level 11. HP: 61/99 MP: 6/10
 10365 | D:10     | Reached skill level 13 in Axes
 10760 | D:11     | Found a staircase to the Lair.
 10800 | D:11     | Noticed Grum
 10811 | D:11     | Killed Grum
 10811 | D:11     | Reached skill level 10 in Fighting
 10870 | D:11     | Received a gift from Trog
 11047 | D:11     | Found a gate leading to a gauntlet.
 11051 | Gauntlet | Entered a Gauntlet
 11051 | Gauntlet | Found a transporter.
 11051 | Gauntlet | Noticed a balrug
 11054 | Gauntlet | Found a transporter.
 11057 | Gauntlet | Found a transporter.
 11061 | Gauntlet | Found a transporter.
 11062 | Gauntlet | Found a transporter.
 11071 | Gauntlet | Found a transporter.
 11073 | Gauntlet | Noticed an orange crystal statue
 11077 | Gauntlet | Found a transporter.
 11089 | Gauntlet | Found a transporter.
 11107 | Gauntlet | Found a transporter.
 11111 | Gauntlet | Found a transporter.
 11114 | Gauntlet | Noticed a glowing orange brain
 11116 | Gauntlet | Noticed a cyan ugly thing
 11119 | Gauntlet | Found a transporter.
 11138 | Gauntlet | Found a transporter.
 11172 | Gauntlet | Noticed an orange crystal statue
 11276 | Gauntlet | Noticed a queen ant
 11280 | Gauntlet | Killed an orange crystal statue
 11303 | Gauntlet | Reached skill level 10 in Armour
 11309 | Gauntlet | HP: 1/101 [meliai/divine providence (14)]
 11751 | Gauntlet | Identified the amulet "Huer" {Regen+ MP-9 Str+4 Int+7}
 11751 | Gauntlet | Noticed a minotaur
 11761 | Gauntlet | Killed a minotaur
 11823 | Gauntlet | Got a slimy jade ring
 11835 | D:11     | Found an ornate altar of the Wu Jian Council.
 11874 | D:11     | Reached skill level 14 in Axes
 11881 | D:11     | Noticed Fannar
 11969 | D:11     | Killed Fannar
 12011 | D:11     | Identified the ring of Nimupoze {Wiz Stlth+} (You found it
                  | in a Gauntlet)
 12313 | D:11     | Noticed Josephine
 12318 | D:11     | Killed Josephine
 12413 | D:11     | Reached XP level 12. HP: 109/110 MP: 2/11
 12489 | D:11     | Reached skill level 10 in Dodging
 12699 | Lair:1   | Entered Level 1 of the Lair of Beasts
 12778 | Lair:1   | Noticed a five-headed hydra
 12789 | Lair:1   | Killed an 11-headed hydra
 13321 | Lair:1   | Reached skill level 15 in Axes
 13446 | Lair:1   | Noticed a six-headed hydra
 13453 | Lair:1   | Killed a three-headed hydra
 14046 | Lair:2   | Received a gift from Trog
 14753 | Lair:2   | Noticed a queen ant
 14760 | Lair:2   | Killed a queen ant
 14760 | Lair:2   | Reached skill level 16 in Axes
 15069 | Lair:2   | Identified a scroll of acquirement
 15070 | Lair:2   | Got a pair of twisted boots
 15076 | Lair:2   | Identified the +1 pair of boots of the Lily {MR++} (You
                  | acquired it on level 2 of the Lair of Beasts)
 15086 | Lair:3   | Received a gift from Trog
 15249 | Lair:3   | Reached XP level 13. HP: 102/118 MP: 3/12
 15718 | Lair:3   | Found a staircase to the Swamp.
 16091 | Lair:4   | Found a staircase to the Snake Pit.
 16845 | Lair:4   | Reached skill level 17 in Axes
 16885 | Lair:5   | Reached ****** piety under Trog
 17051 | Lair:5   | Received a gift from Trog
 17598 | Lair:6   | Entered Level 6 of the Lair of Beasts
 17919 | Lair:6   | Found a staircase to the Slime Pits.
 18151 | Lair:6   | Reached XP level 14. HP: 113/129 MP: 4/13
 18824 | Lair:6   | Reached skill level 18 in Axes
 19192 | D:12     | Found a staircase to the Orcish Mines.
 19355 | D:12     | Noticed Snorg
 19365 | D:12     | Killed Snorg
 19416 | D:12     | Got a pair of distressingly furry gloves
 19426 | D:12     | Identified the cursed +0 pair of gloves of Fortification
                  | {Regen+ Dex-5 SInv} (You found it on level 12 of the
                  | Dungeon)
 19734 | D:12     | Found a shattered altar of Ashenzari.
 19812 | D:12     | Received a gift from Trog
 20396 | Orc:1    | Entered Level 1 of the Orcish Mines
 20396 | Orc:1    | Noticed Urug
 20406 | Orc:1    | Killed Urug
 20451 | Orc:1    | Noticed Jorgrun
 20469 | Orc:1    | Killed Jorgrun
 20469 | Orc:1    | Reached skill level 19 in Axes
 20616 | Orc:1    | Noticed Gastronok
 20633 | Orc:1    | Killed Gastronok
 21009 | Orc:2    | Entered Level 2 of the Orcish Mines
 21023 | Orc:2    | Found a staircase to the Elven Halls.
 21171 | Orc:2    | Found Korao's General Store.
 21210 | Orc:2    | Found Efyewepa's Antique Weapon Boutique.
 21267 | Orc:2    | Found Koudod's Antique Armour Emporium.
 21352 | Orc:2    | Noticed a stone giant
 21363 | Orc:2    | Killed a stone giant
 21669 | Orc:2    | Found Lali Ryofi's Book Emporium.
 21669 | Orc:2    | Noticed a stone giant
 21679 | Orc:2    | Reached skill level 20 in Axes
 21681 | Orc:2    | Killed a stone giant
 21949 | Orc:2    | Bought an ichor-stained plate armour for 1036 gold pieces
 21959 | Orc:2    | Identified the +1 plate armour of Broken Taboos {-Cast
                  | rPois Int+5} (You bought it in a shop on level 2 of the
                  | Orcish Mines)
 22170 | Swamp:1  | Entered Level 1 of the Swamp
 22179 | Swamp:1  | Reached XP level 15. HP: 135/139 MP: 5/14
 22202 | Swamp:1  | Paralysed by a hornet for 1 turns
 22239 | Swamp:1  | Noticed a thorn hunter
 22250 | Swamp:1  | Killed a thorn hunter
 22551 | Swamp:1  | Received a gift from Trog
 22837 | Swamp:1  | Noticed Roxanne
 22848 | Swamp:1  | Reached skill level 21 in Axes
 23089 | Swamp:1  | Killed Roxanne
 23277 | Swamp:2  | Noticed a thorn hunter
 23297 | Swamp:2  | Reached skill level 15 in Fighting
 23301 | Swamp:2  | Killed a thorn hunter
 23563 | Swamp:2  | Reached skill level 15 in Armour
 23817 | Swamp:2  | Got a pair of faintly humming gloves
 23829 | Swamp:2  | Identified the +3 pair of gloves of Courage {MR+ Int+2
                  | Slay+2 SInv} (You acquired it on level 2 of the Swamp)
 23848 | Swamp:2  | Reached skill level 22 in Axes
 24533 | Swamp:3  | Received a gift from Trog
 24741 | Swamp:3  | Noticed a thorn hunter
 24759 | Swamp:3  | Killed a thorn hunter
 24771 | Swamp:3  | Reached XP level 16. HP: 144/149 MP: 2/15
 24796 | Swamp:3  | Noticed Kirke
 24806 | Swamp:3  | Killed Kirke
 25224 | Swamp:4  | Entered Level 4 of the Swamp
 25332 | Swamp:4  | Found a runed translucent door.
 25336 | Swamp:4  | Noticed Amplified's ghost (adept MiEE)
 25358 | Swamp:4  | Killed Amplified's ghost
 25611 | Swamp:4  | Received a gift from Trog
 25638 | Swamp:4  | Reached skill level 23 in Axes
 25799 | Swamp:4  | Got a decaying rune of Zot
 26106 | Swamp:4  | Noticed a thorn hunter
 26115 | Swamp:4  | Killed a thorn hunter
 26425 | Snake:1  | Entered Level 1 of the Snake Pit
 26458 | Snake:1  | Noticed Donald
 26467 | Snake:1  | Killed Donald
 26569 | Snake:1  | Noticed Aizul
 26589 | Snake:1  | Killed Aizul
 26683 | Snake:1  | Noticed Nikola
 26698 | Snake:1  | Killed Nikola
 26780 | Snake:1  | Received a gift from Trog
 27087 | Snake:2  | Reached skill level 15 in Dodging
 27257 | Snake:2  | Reached XP level 17. HP: 131/159 MP: 7/16
 27336 | Snake:2  | Found Coles's Gadget Boutique.
 27624 | Snake:2  | Found an iron altar of Okawaru.
 28116 | Snake:3  | Received a gift from Trog
 28117 | Snake:3  | Found the +14 obsidian axe {chop, +Fly SInv *Curse}
 28442 | Snake:3  | Reached skill level 24 in Axes
 28769 | Snake:3  | HP: 8/160 [shock serpent/bolt of electricity (32)]
 29086 | Snake:4  | Entered Level 4 of the Snake Pit
 29752 | Snake:4  | Found a basalt altar of Yredelemnul.
 29891 | Snake:4  | Noticed Vashnia
 29908 | Snake:4  | Slain by a nagaraja

Levels and vault maps discovered:
D:1:      dpeg_arrival_simpleton_c, layout_basic
D:2:      layout_rooms, dancing_weapons_uskayaw, nicolae_ru_awakened_eye,
          serial_undead, serial_undead_a, serial_undead_d, serial_undead_b,
          serial_undead_f, serial_undead_c, serial_undead_e, serial_undead_f,
          serial_undead_a
D:3:      layout_basic, okawaru_metal_pillars_1_2, minitemple,
          lemuel_zombie_altar_kikubaaqudgha
D:4:      layout_loops_cross, first_ration, ashenzari_altar_1, uniq_ijyb
D:5:      layout_rooms, temple_pool_b, serial_shops, kennysheep_little_box,
          nicolae_ossuary_entry_false_entrances, nicolae_qazlal_eye_of_the_storm
D:6:      kb_forest_paths, layout_loops_ring, kennysheep_mini_moat,
          overflow_temple_1_default
D:7:      layout_layer_cave, serial_shops, shop
D:8:      layout_loops_ring, uniq_prince_ribbit1, uniq_maurice, uniq_erica
D:9:      layout_cave_pools, hangedman_little_slice_of_home, uniq_joseph,
          uniq_erolcha, uniq_psyche
D:10:     layout_basic, chequers_jeans
D:11:     layout_loops_ring, lair_entry_dummy, gauntlet_entry_generic,
          basic_altar, kennysheep_generic_room_8, uniq_fannar, uniq_grum,
          uniq_josephine
D:12:     layout_irregular_city, zombieorc1_lemuel, kennysheep_diamond,
          uniq_snorg
Lair:1:   layout_cave_pods, kennysheep_rathole, infiniplex_staircase_pool_2
Lair:2:   layout_loops_ring, zaba_antful_of_joy
Lair:3:   layout_regular_city, nicolae_swamp_entry_splash_gauntlet,
          serial_rivers, chequers_serial_rivers_micro_b,
          chequers_serial_rivers_small_a, chequers_serial_rivers_small_b,
          chequers_serial_rivers_micro_e, fungi_pond_lemuel, lemuel_fruit_tree
Lair:4:   layout_long_grid, guppyfry_snake_entry_garden, grunt_megastairs_2,
          lemuel_fruit_fields
Lair:5:   layout_gridlike, cheibrodos_lair_caveside_slide
Lair:6:   due_jungle_book, layout_small_grid, nicolae_slime_entry_slimehenge,
          lemuel_fruit_fields
Swamp:1:  layout_basic_swamp, hangedman_swamp_ruin_hall, uniq_roxanne
Swamp:2:  layout_basic_swamp, evilmike_swamp_ruin_house_2
Swamp:3:  layout_falls_marsh, nicolae_swamp_very_dense_foliage, swamp_pool5,
          uniq_kirke
Swamp:4:  swamp, layout_basic_swamp, gammafunk_ghost_grave, swamp_pool2
Snake:1:  layout_onion, uniq_aizul, uniq_donald, uniq_nikola
Snake:2:  layout_cave_pods, basic_altar, serial_shops, shop_fountains,
          grunt_megastairs_4
Snake:3:  layout_onion
Snake:4:  johnstein_snake_rune_scales, layout_onion_interference, basic_altar
Orc:1:    layout_caves, uniq_gastronok, uniq_jorgrun, uniq_urug
Orc:2:    grunt_orc_gardens, layout_diamond_mine, grunt_orc_garden,
          grunt_orc_garden, grunt_orc_garden, grunt_orc_garden

Skill      XL: |  1  2  3  4  5  6  7  8  9 10 11 12 13 14 15 16 17 |
---------------+----------------------------------------------------+-----
Axes           | 4 5 6 7 9 11 12 14 16 17 20 22 23 24 | 24.4
Fighting       | 4 5 6 7 8 9 11 12 13 14 15 16 17 | 17.1
Armour         | 3 4 5 6 8 9 10 11 13 14 15 16 17 | 17.0
Dodging        | 3 4 5 6 7 8 9 11 12 13 14 15 | 15.8

Action                   |  1- 3 |  4- 6 |  7- 9 | 10-12 | 13-15 | 16-18 || total
-------------------------+-------+-------+-------+-------+-------+-------++-------
Melee: Hand axe          |    86 |   180 |   194 |       |       |       ||   460
       Headbutt          |    18 |    33 |    62 |   125 |   240 |   146 ||   624
       Mace              |       |       |   108 |   196 |       |       ||   304
       Battleaxe         |       |       |       |   352 |   839 |    51 ||  1242
       Scimitar          |       |       |       |     4 |     8 |       ||    12
       Executioner's axe |       |       |       |       |    57 |   458 ||   515
Invok: Berserk           |       |     1 |     1 |     3 |     2 |       ||     7
Evoke: Wand              |       |       |       |     2 |       |       ||     2
  Use: Scroll            |       |    17 |     4 |    15 |     9 |     3 ||    48
       Potion            |       |       |     1 |     8 |     3 |     7 ||    19
 Stab: Confused          |       |       |       |       |       |     1 ||     1
  Eat: Chunk             |     1 |     9 |    16 |    18 |    30 |    10 ||    84
       Ration            |       |       |       |     2 |     1 |     2 ||     5
Armor: Animal skin       |     2 |       |       |       |       |       ||     2
       Ring mail         |    12 |     5 |       |       |       |       ||    17
       Plate armour      |       |    41 |   113 |   197 |   340 |   168 ||   859
Dodge: Dodged            |    61 |    83 |   183 |   429 |   666 |   499 ||  1921
       Deflected         |       |       |       |       |    19 |    45 ||    64
       Rpst.: Scimitar   |       |       |       |     1 |     1 |       ||     2
